 Dungeon Crawl Stone Soup version 0.28-a0-461-g2dc4ca5097 (webtiles) character file.

Game seed: 14455833313214530763

26183 Rennog the Grappler (level 12, -12/119 HPs)
             Began as a Troll Fighter on Sept 13, 2021.
             Was a Believer of Ru.
             Mangled by a large slime creature (25 damage)
             ... on level 13 of the Dungeon.
             The game lasted 00:23:12 (13284 turns).

Rennog the Grappler (Troll Fighter)                Turns: 13284, Time: 00:23:15

Health: -12/119    AC:  9    Str: 27    XL:     12   Next: 96%
Magic:  9/9        EV: 10    Int:  5    God:    Ru [**....]
Gold:   1064       SH:  8    Dex: 12    Spells: 11/11 levels left

rFire   + . .      SeeInvis .     - Unarmed
rCold   . . .      Faith    .   b - +0 kite shield
rNeg    . . .      Spirit   .   p - +0 steam dragon scales
rPois   .          Reflect  .   y - +1 hat
rElec   .          Harm     .   M - scarf {shadows}
rCorr   .          Rampage  .   (gloves unavailable)
Will    .....                   (boots unavailable)
Stlth   +.........              g - amulet of the acrobat
HPRegen 1.29/turn               E - ring of protection from fire
MPRegen 0.11/turn               (no ring)

@: mighty
A: large, unfitting armour, claws 3, low mp 1, regeneration 1, shaggy fur 1,
tough skin 1, unskilled 1
a: Renounce Religion


You were on level 13 of the Dungeon.
You worshipped Ru.
Ru was pleased with you.
You visited 3 branches of the dungeon, and saw 17 of its levels.

You collected 1064 gold pieces.

Inventory:

Hand Weapons
 s - the +6 hand axe of Optimality {protect, rF+ rN+}
   (You found it on level 5 of the Dungeon)

   It grants its wielder temporary protection when it strikes (+7 to AC).
   rF:        It protects you from fire.
   rN:        It protects you from negative energy.
Missiles
 n - 3 javelins (quivered)
Armour
 a - a +0 robe
 b - a +0 kite shield (worn)
 k - a +0 cloak
 p - +0 steam dragon scales (worn)
 y - a +1 hat (worn)
 M - a scarf of shadows (worn)
Jewellery
 g - an amulet of the acrobat (around neck)
 E - a ring of protection from fire (left claw)
 J - a ring of ice
 O - a +6 ring of intelligence
 R - an amulet of magic regeneration
Wands
 o - a wand of flame (34)
 z - a wand of charming (18)
 D - a wand of iceblast (14)
 Q - a wand of acid (7)
 S - a wand of paralysis (13)
Scrolls
 d - 2 scrolls of fear
 f - a scroll of noise {unknown}
 h - 4 scrolls of fog
 i - 2 scrolls of teleportation
 j - 3 scrolls of holy word
 m - a scroll of torment
 r - 2 scrolls of enchant weapon {unknown}
 t - a scroll of vulnerability {unknown}
 x - a scroll of amnesia
 B - 3 scrolls of enchant armour
 H - 5 scrolls of identify
 I - 2 scrolls of magic mapping {unknown}
 K - 2 scrolls of summoning {unknown}
 N - a scroll of acquirement {unknown}
 P - a scroll of brand weapon {unknown}
Potions
 e - a potion of heal wounds {unknown}
 l - 4 potions of curing
 q - 2 potions of degeneration {unknown}
 u - a potion of magic {unknown}
 v - a potion of resistance {unknown}
 w - 4 potions of haste {unknown}
 A - a potion of cancellation {unknown}
 C - 2 potions of mutation {unknown}
 F - a potion of attraction {unknown}
 G - 2 potions of brilliance {unknown}
 L - a potion of ambrosia {unknown}


   Skills:
 + Level 8.1 Fighting
 + Level 7.0 Armour
 + Level 8.2 Dodging
 - Level 0.1 Stealth
 - Level 2.8 Shields
 * Level 12.8 Unarmed Combat


You had 11 spell levels left.
You didn't know any spells.
Your spell library contained the following spells:

 Spells                   Type           Power      Damage    Failure   Level
 Corpse Rot               Necr/Air       N/A        N/A       97%         2
 Ensorcelled Hibernation  Hex/Ice        0%         N/A       97%         2
 Call Canine Familiar     Summ           0%         N/A       99%         3
 Portal Projectile        Hex/Tloc       0%         N/A       99%         3
 Tukima's Dance           Hex            0%         N/A       99%         3
 Dispel Undead            Necr           0%         3d6       100%        4
 Leda's Liquefaction      Hex/Erth       0%         N/A       100%        4
 Iskenderun's Battlesphe  Conj           0%         2d6       100%        5
 Death Channel            Necr           0%         N/A       100%        6
 Dispersal                Tloc           0%         N/A       100%        6
 Iron Shot                Conj/Erth      0%         9d1       100%        6
 Spellforged Servitor     Conj/Summ      0%         N/A       100%        7
 Disjunction              Tloc           0%         N/A       100%        8


Dungeon Overview and Level Annotations

Branches:
Dungeon (14/15)            Temple (1/1) D:4            Lair (2/6) D:9
  Snake (0/4) Lair:2          Orc (0/2) D:10
  Swamp: Lair:2-4    Shoals: Lair:2-4    Vaults: D:13-14

Altars:
Ashenzari
Cheibriados
Dithmenos
Elyvilon
Fedhas
Gozag
Hepliaklqana
Kikubaaqudgha
Makhleb
Nemelex Xobeh
Okawaru
Qazlal
Ru
Sif Muna
Trog
Uskayaw
Vehumet
Wu Jian
Xom
Yredelemnul
Zin
The Shining One
Lugonu

Shops:
D:3 [   D:10 *

Annotations:
D:11 1 runed translucent door, mdk's ghost, journeyman OgHu
Lair:2 1 transporter


Innate Abilities, Weirdness & Mutations

You are too large for most types of armour.
You have claws for hands.
Your magical capacity is low. (-10% MP)
Your natural rate of healing is unusually fast.
You are covered in fur. (AC +1)
You have tough skin. (AC +1)
You are somewhat unskilled. (-1 Apt)


Message History

The slime creature is almost dead.
You block the slime creature's attack.
You redirect the slime creature's attack!
The slime creature hits itself!
The slime creature hits you.
You mangle the slime creature!!
You kill the slime creature!
The slime creature hits you! x2
Your Armour skill increases to level 7!
You mangle the slime creature!!
The slime creature is heavily wounded.
The efreet gestures at you. The bolt of fire hits you! You resist.
The slime creature hits you! The slime creature closely misses you.
You are too injured to fight recklessly!
The slime creature misses you.
The slime creature completely misses you.
The slime creature completely misses you.
Two slime creatures merge to form a large slime creature.
There is a stone staircase leading up here.
You block the efreet's attack.
You climb upwards.
There is a stone staircase leading down here.
You barely miss the large slime creature.
The large slime creature is moderately wounded.
The efreet gestures at you. The bolt of fire hits you! You resist.
You mangle the large slime creature!!
The large slime creature is heavily wounded.
The efreet gestures at you. The bolt of fire hits you! You resist.
The large slime creature hits you!!
* * * LOW HITPOINT WARNING * * *
You feel better. You block the efreet's attack.
You block the large slime creature's attack.
You feel very mighty all of a sudden.
The efreet hits you with a +3 scimitar of flaming!
* * * LOW HITPOINT WARNING * * *
The efreet burns you.
* * * LOW HITPOINT WARNING * * *
The large slime creature hits you!!
You die...

#################################
.................................
..[#.......#..#..##..#..#........
.................................
.##'#####..........##'########...
.#..# #.##..#..#.#.........#.##
.#..# #..........######+####...
##..# ##'#######..............#
.... ...##.#J@#.#..#.........#
##### #####.##R#............#.#
###.##.####.........#.'
#.........#.#.......#.#
###'##.####.........#.# ####
####...#######....##...#.# ....
.............#.#.........# ....
....[.....####.#.........# ####
####...##.#....#.........#


You could see a large slime creature and an efreet.

Vanquished Creatures
  Fannar (Lair:1)
  2 boulder beetles
  3 centaur warriors (D:13)
  3 two-headed ogres
  Nergalle (D:12)
  An ugly thing (D:12)
  A deep elf pyromancer (D:8)
  3 cyclopes
  3 black mambas (Lair:1)
  4 cane toads
  Maggie (D:6)
  A kobold demonologist (D:12)
  A rime drake (Lair:2)
  A freezing wraith (D:9)
  2 komodo dragons (D:12)
  A polar bear (Lair:2)
  6 trolls
  Grinder (D:5)
  2 hornets
  3 blink frogs (Lair:2)
  7 slime creatures
  2 shadows
  Eustachio (D:4)
  27 yaks
  A basilisk (Lair:2)
  2 wyverns (D:9)
  A steam dragon (D:4)
  Edmund (D:5)
  A naga (Lair:2)
  4 water moccasins
  An orc warrior (D:8)
  2 hornet zombies
  A black bear (Lair:2)
  2 necrophages (D:4)
  8 centaurs
  A phantom (D:5)
  6 kobold brigands
  Blork the orc (D:5)
  6 bullfrogs
  A gnoll sergeant (D:8)
  A scorpion (D:6)
  2 water moccasin zombies
  3 killer bees (D:8)
  11 wights
  5 electric eels (D:11)
  8 howler monkeys
  A vampire bat (D:7)
  2 centaur zombies
  A bullfrog zombie (D:6)
  2 hounds (D:5)
  4 jellies
  2 iguanas
  6 orc priests
  Terence (D:2)
  Jessica (D:2)
  11 orc wizards
  Ijyb (D:4)
  2 hell rats (Lair:1)
  A killer bee zombie (D:8)
  A hound zombie (D:5)
  Robin (D:2)
  4 adders
  9 river rats (Lair:1)
  2 white imps (D:8)
  An ufetubus (D:6)
  An adder zombie (D:5)
  An adder skeleton (D:4)
  A worm (D:3)
  4 dart slugs
  36 orcs
  4 ball pythons
  10 bats
  4 endoplasms
  4 giant cockroaches
  13 goblins
  6 hobgoblins
  3 jackals (D:1)
  21 kobolds
  4 quokkas
  4 frilled lizards
  A quokka skeleton (D:4)
  9 rats
  A spectral orc (D:9)
  A bush (D:12)
328 creatures vanquished.

Vanquished Creatures (others)
  7 fungi (Lair:2)
  22 plants
29 creatures vanquished.

Grand Total: 357 creatures vanquished

Notes
Turn   | Place    | Note
-------+----------+-------------------------------------------
     0 | D:1      | Rennog the Troll Fighter began the quest for the Orb.
     0 | D:1      | Reached XP level 1. HP: 22/22 MP: 0/0
   104 | D:1      | Reached XP level 2. HP: 29/29 MP: 1/1
   412 | D:1      | Reached XP level 3. HP: 36/36 MP: 2/2
   494 | D:2      | Noticed Robin
   551 | D:2      | Killed Robin
   648 | D:2      | Reached skill level 3 in Unarmed Combat
   649 | D:2      | Reached XP level 4. HP: 44/44 MP: 3/3
   707 | D:2      | Found a faded altar of an unknown god.
   919 | D:2      | Found a shimmering altar of Xom.
  1053 | D:2      | Noticed Terence
  1067 | D:2      | Killed Terence
  1107 | D:2      | Noticed Jessica
  1112 | D:2      | Killed Jessica
  1113 | D:2      | Reached XP level 5. HP: 49/52 MP: 4/4
  1294 | D:3      | Found a shadowy altar of Dithmenos.
  1339 | D:3      | Found Ifakkusogy's Armour Boutique.
  1958 | D:4      | Noticed a necrophage
  1963 | D:4      | Killed a necrophage
  1964 | D:4      | Reached skill level 4 in Unarmed Combat
  1964 | D:4      | Reached XP level 6. HP: 54/61 MP: 5/5
  1981 | D:4      | Found a staircase to the Ecumenical Temple.
  1982 | D:4      | Noticed Ijyb
  1987 | D:4      | Noticed Eustachio
  2013 | D:4      | Found a hide-covered altar of Uskayaw.
  2027 | Temple   | Entered the Ecumenical Temple
  2069 | Temple   | Became a worshipper of the Shining One
  2110 | D:4      | Killed Ijyb
  2132 | D:4      | Killed Eustachio
  2133 | D:4      | Reached skill level 5 in Unarmed Combat
  2180 | D:4      | Found a burning altar of Makhleb.
  2207 | D:4      | Noticed a steam dragon
  2220 | D:4      | Killed a steam dragon
  2221 | D:4      | Reached XP level 7. HP: 10/68 MP: 6/6
  2855 | D:5      | Entered Level 5 of the Dungeon
  2869 | D:5      | Noticed Blork the orc
  2884 | D:5      | Killed Blork the orc
  2885 | D:5      | Reached skill level 6 in Unarmed Combat
  3062 | D:5      | Noticed Grinder
  3088 | D:5      | Paralysed by Grinder for 4 turns
  3108 | D:5      | Killed Grinder
  3109 | D:5      | Reached skill level 1 in Armour
  3109 | D:5      | Reached XP level 8. HP: 79/79 MP: 7/7
  3169 | D:5      | Noticed Edmund
  3175 | D:5      | Killed Edmund
  3176 | D:5      | Reached skill level 7 in Unarmed Combat
  3178 | D:5      | Found a stormy altar of Qazlal.
  3178 | D:5      | Identified the +6 hand axe of Optimality {protect, rF+ rN+}
  3252 | D:5      | Reached * piety under the Shining One
  3360 | D:5      | Found a shimmering altar of Xom.
  3403 | D:5      | Found a sacrificial altar of Ru.
  3574 | D:5      | Reached skill level 5 in Dodging
  3784 | D:5      | Fell from the grace of the Shining One
  3784 | D:5      | Became a worshipper of Ru the Awakened
  4124 | D:6      | Reached skill level 5 in Fighting
  4234 | D:6      | Reached skill level 8 in Unarmed Combat
  4234 | D:6      | Reached XP level 9. HP: 86/88 MP: 8/8
  4253 | D:6      | Noticed Maggie
  4274 | D:6      | Killed Maggie
  4925 | D:7      | Found an iron altar of Okawaru.
  4937 | D:7      | Gained mutation: Your magical capacity is low. (-10% MP)
                  | [Ru sacrifice]
  5328 | D:7      | Found a basalt altar of Yredelemnul.
  5449 | D:7      | Reached skill level 9 in Unarmed Combat
  6190 | D:8      | Reached XP level 10. HP: 62/98 MP: 8/8
  6370 | D:8      | Noticed a deep elf pyromancer
  6387 | D:8      | Killed a deep elf pyromancer
  6388 | D:8      | Reached skill level 10 in Unarmed Combat
  6700 | D:9      | Noticed a boulder beetle
  6712 | D:9      | Killed a boulder beetle
  6801 | D:9      | Found a staircase to the Lair.
  6933 | D:9      | Reached skill level 5 in Armour
  7097 | D:9      | Reached skill level 11 in Unarmed Combat
  7109 | D:9      | Reached XP level 11. HP: 50/107 MP: 8/8
  7356 | D:9      | Found a hazy altar of Hepliaklqana.
  7449 | Lair:1   | Entered Level 1 of the Lair of Beasts
  7666 | Lair:1   | Noticed Fannar
  7726 | Lair:1   | Killed Fannar
  8610 | Lair:2   | Found a transporter.
  8615 | Lair:2   | Found a staircase to the Snake Pit.
  8937 | Lair:1   | Reached skill level 12 in Unarmed Combat
  9248 | Lair:2   | Noticed a four-headed hydra
  9316 | D:10     | Entered Level 10 of the Dungeon
  9353 | D:10     | Noticed a two-headed ogre
  9438 | D:10     | Killed a two-headed ogre
  9551 | D:10     | Found a sparkling altar of Nemelex Xobeh.
  9552 | D:10     | Found an ancient bone altar of Kikubaaqudgha.
  9584 | D:10     | Found a shimmering blue altar of Sif Muna.
  9617 | D:10     | Paralysed by a hornet for 1 turns
  9633 | D:10     | Found a staircase to the Orcish Mines.
  9633 | D:10     | Noticed a two-headed ogre
  9640 | D:10     | Killed a two-headed ogre
  9641 | D:10     | Reached XP level 12. HP: 99/119 MP: 9/9
  9850 | D:10     | Found an opulent altar of Gozag.
  9855 | D:10     | Found Gozag's Platinum Reserve.
 10583 | D:11     | Noticed a boulder beetle
 10823 | D:12     | Noticed Nergalle
 10831 | D:12     | Killed Nergalle
 10832 | D:12     | Reached skill level 13 in Unarmed Combat
 11543 | D:11     | Killed a boulder beetle
 11640 | D:11     | Noticed a two-headed ogre
 11645 | D:11     | Killed a two-headed ogre
 11990 | D:11     | Found a runed translucent door.
 11991 | D:11     | Noticed mdk's ghost (journeyman OgHu)
 12614 | D:13     | Noticed a centaur warrior
 12625 | D:13     | Killed a centaur warrior
 12760 | D:13     | Noticed a centaur warrior
 12767 | D:13     | Killed a centaur warrior
 12814 | D:13     | Noticed an eight-headed hydra
 12911 | D:13     | Gained mutation: You are somewhat unskilled. (-1 Apt) [Ru
                  | sacrifice]
 12911 | D:13     | Reduced skill Unarmed Combat to level 12
 12911 | D:13     | Reached * piety under Ru
 12911 | D:13     | Reached ** piety under Ru
 12933 | D:13     | Noticed a centaur warrior
 12948 | D:13     | Killed a centaur warrior
 13284 | D:13     | Mangled by a large slime creature

Illustrated notes

Levels and vault maps discovered:
D:1:      minmay_arrival_nine_rooms, layout_rooms, minmay_stone_trees_small
D:2:      layout_loops_cross, basic_altar,
          hellmonk_ecumenical_altar_pennies_from_heaven, uniq_robin,
          uniq_jessica, uniq_terence
D:3:      layout_rooms, nicolae_dithmenos_the_darkroom, serial_shops,
          nicolae_shop_behind_doors
D:4:      layout_basic, kennysheep_mini_moat, kennysheep_mini,
          minmay_temple_entry_stoned_glass, uniq_eustachio, uniq_ijyb
D:5:      layout_cave_pods, nicolae_ru_path_of_blood, xom_butterflies,
          nicolae_qazlal_scattered_showers, uniq_edmund, uniq_grinder,
          uniq_blork_the_orc
D:6:      layout_loops_corners, uniq_maggie
D:7:      layout_cave_pools, lemuel_tele_altar, mainiacjoe_overflow_chevrons,
          roderic_batcave
D:8:      layout_basic, small_chamber_with_monster, kennysheep_dice
D:9:      layout_gridville, nicolae_hepliaklqana_monster_ancestors,
          dpeg_oklobed_lair
D:10:     layout_gridville, nicolae_gozag_zags_fifth_avenue,
          mainiacjoe_overflow_24_doors, mainiacjoe_overflow_divided_tiny,
          orc_0_dummy
D:11:     layout_layer_cave, ebering_ghost_inner_flame, serial_bayou_lagoon_b
D:12:     layout_loops_cross, kb_lookout_dungeons_type, uniq_nergalle
D:13:     layout_stronghold
D:14:     layout_rooms, erik_vaults_2, serial_bayou_ford_a, serial_shops, shop,
          nicolae_island_escapes
Temple:   corrupted_temple
Lair:1:   layout_loops_ring, kennysheep_rathole, lemuel_fruit_tree, uniq_fannar
Lair:2:   layout_misc_corridors, guppyfry_snake_entry_garden, nzn_ghost_randoct,
          serial_bayou_shore_b

Skill      XL: |  1  2  3  4  5  6  7  8  9 10 11 12 |
---------------+-------------------------------------+-----
Unarmed Combat | 3 4 5 6 8 9 11 12 12 | 12.8
Dodging        | 3 4 5 6 7 8 8 |  8.2
Shields        | 3 2 |  2.8
Fighting       | 3 4 5 6 7 8 |  8.1
Armour         | 1 2 4 5 6 7 |  7.0
Stealth        | |  0.1

Action                   |  1- 3 |  4- 6 |  7- 9 | 10-12 || total
-------------------------+-------+-------+-------+-------++-------
Melee: Unarmed           |   113 |   156 |   280 |   650 ||  1199
       Hand axe          |       |       |    42 |       ||    42
Invok: Sacrifice Essence |       |       |     1 |       ||     1
       Reject Sacrifices |       |       |       |     1 ||     1
       Sacrifice Skill   |       |       |       |     1 ||     1
Evoke: Wand              |       |       |     4 |       ||     4
  Use: Scroll            |       |       |     8 |       ||     8
       Potion            |       |       |       |     3 ||     3
 Stab: Sleeping          |       |     1 |       |     1 ||     2
Armor: Robe              |    60 |    39 |       |       ||    99
       Steam dragon scal |       |       |   114 |   173 ||   287
Dodge: Dodged            |    32 |    55 |   143 |   320 ||   550
Block: Kite shield       |    42 |    60 |   111 |   226 ||   439

Table legend: (Time is in decaauts)
 A = Elapsed time spent in this place.
 B = Non-inter-level travel time spent in this place.
 C = Inter-level travel time spent in this place.
 D = Time resting spent in this place.
 E = Time spent auto-exploring this place.
 F = Levels seen in this place.
 G = Mean time per level.
                   A        B        C        D        E       F      G
               +--------+--------+--------+--------+--------+-----+--------+
         Total |  13382 |  12863 |    519 |    279 |   9706 |  17 |  787.2 |
       Dungeon |  11475 |  11032 |    443 |    146 |   8552 |  14 |  819.6 |
        Temple |     53 |     34 |     19 |      0 |     24 |   1 |   53.0 |
          Lair |   1853 |   1796 |     57 |    133 |   1130 |   2 |  926.5 |
               +--------+--------+--------+--------+--------+-----+--------+

Top non-repeatable levels by time:
    D:11: 1373 daAuts
  Lair:1: 1264 daAuts
     D:6: 1075 daAuts
     D:4: 1064 daAuts
     D:8: 1017 daAuts
     D:5: 974 daAuts
     D:9: 962 daAuts
    D:12: 940 daAuts
    D:13: 865 daAuts
    D:10: 751 daAuts
     D:2: 712 daAuts
     D:7: 657 daAuts
  Lair:2: 589 daAuts
     D:1: 554 daAuts
     D:3: 514 daAuts
